 Dungeon Crawl Stone Soup version 0.30-a0-459-g9104f0fc43 (webtiles) character file.

Game seed: 4414687641759923527

1180 jlumianski the Trooper (level 8, -6/96 HPs)
             Began as a Demonspawn Fighter on Dec 15, 2022.
             Was an Initiate of Qazlal.
             Killed from afar by Dowan (18 damage)
             ... with a shard of ice
             ... on level 5 of the Dungeon.
             The game lasted 00:21:27 (3312 turns).

jlumianski the Trooper (Demonspawn Fighter)         Turns: 3312, Time: 00:21:27

Health: -6/96      AC: 24    Str: 18    XL:     8   Next: 19%
Magic:  8/9        EV:  2    Int: 10    God:    Qazlal [......]
Gold:   326        SH:  5    Dex: 13    Spells: 7/7 levels left

rFire   . . .      SeeInvis .    a - +1 war axe
rCold   . . .      Faith    .    c - +0 buckler
rNeg    . . .      Spirit   .    (body armour currently unavailable)
rPois   +          Reflect  .    (helmet currently unavailable)
rElec   .          Harm     .    (cloak currently unavailable)
rCorr   .          Rampage  .    (gloves currently unavailable)
Will    .....      NoTele   +    (boots currently unavailable)
Stlth   +.........               (no amulet)
HPRegen 0.36/turn                e - +4 ring of evasion
MPRegen 0.11/turn                (no ring)

@: tree-form
A: stationary, stasis, torment immunity, boosted hp, (claws 1), ignite blood 1,
(spiny 1), (weakness stinger 1)
a: Renounce Religion


You were on level 5 of the Dungeon.
You worshipped Qazlal.
Qazlal was noncommittal.
You were a tree.
You visited 2 branches of the dungeon, and saw 7 of its levels.

You collected 326 gold pieces.

Inventory:

Hand Weapons
 a - a +1 war axe (weapon)
 m - a +2 vampiric whip
Missiles
 i - 37 stones (quivered)
 w - a boomerang
Armour
 b - a +0 scale mail (melded)
 c - a +0 buckler (worn)
 g - a +0 pair of gloves
 k - a +0 helmet (melded)
 n - a +0 pair of boots
Jewellery
 e - a +4 ring of evasion (left branch)
Wands
 o - a wand of roots (4)
 v - a wand of flame (16)
Scrolls
 f - a scroll of fog
 j - a scroll of enchant armour {unknown}
 r - 2 scrolls of teleportation
 x - a scroll of fear {unknown}
 y - a scroll of identify
Potions
 d - 3 potions of might
 h - 3 potions of flight
 l - a potion of resistance
 p - a potion of degeneration
 s - 2 potions of haste
 t - a potion of cancellation {unknown}
 u - 2 potions of heal wounds {unknown}
 z - a potion of brilliance


   Skills:
 * Level 5.8 Fighting
 + Level 5.5 Axes
 + Level 4.7 Armour
 + Level 2.1 Dodging
 + Level 3.6 Shields
 * Level 1.4 Invocations


You had 7 spell levels left.
You didn't know any spells.
Your spell library contained the following spells:

 Spells                   Type           Power      Damage    Failure   Level
 Ensorcelled Hibernation  Hex/Ice        0%         N/A       58%         2
 Passwall                 Tmut/Erth      0%         N/A       58%         2
 Swiftness                Air            0%         N/A       83%         3


Dungeon Overview and Level Annotations

Branches:
Dungeon (6/15)             Temple (1/1) D:6

Altars:
Ashenzari
Cheibriados
Fedhas
Gozag
Hepliaklqana
Kikubaaqudgha
Makhleb
Nemelex Xobeh
Okawaru
Qazlal
Ru
Sif Muna
Uskayaw
Wu Jian
Yredelemnul

Annotations:
D:3 3 runed translucent doors, baller8008's ghost, novice DjCj
D:5 Dowan


Innate Abilities, Weirdness & Mutations

You are a tree.
Your roots penetrate the ground, keeping you stationary.
You cannot be teleported.
You are immune to unholy pain and torment.
Your maximum health is greatly increased.
Your equipment is partially melded.
((You have sharp fingernails.))
Your demonic aura sometimes causes spilled blood to erupt in flames.
((You are partially covered in sharp spines.))
((You have a small tail.))


Message History

Duvessa is struck by your spines. Duvessa completely misses you.
Duvessa hits you with a +7 rapier of speed!
Duvessa is struck by your spines. Duvessa misses you.
You hit Duvessa.
Duvessa is moderately wounded.
Duvessa is struck by your spines.
Duvessa hits you with a +7 rapier of speed.
You hit Duvessa.
Duvessa is heavily wounded.
You hit the kobold.
You kill the kobold!
Qazlal accepts your kill.
Duvessa hits you with a +7 rapier of speed!
Duvessa is struck by your spines. Duvessa hits you but does no damage.
You closely miss Duvessa. You tail-slap Duvessa.
Duvessa is almost dead.
You block Duvessa's attack. x2
You slash Duvessa!
You kill Duvessa!
Qazlal accepts your kill.
Dowan screams, "No!
No!"
Dowan seems to find hidden reserves of power!
You hit Dowan but do no damage. Dowan casts a spell at you.
The stone arrow hits you!
* * * LOW HITPOINT WARNING * * *
Dowan hits you with a +0 dagger.
* * * LOW HITPOINT WARNING * * *
Okay, then.
Unknown command.
Okay, then.
Really quaff the potion of lignification?
You turn into a tree.
Your +0 helmet melds into your body.
Your +0 scale mail melds into your body.
Your roots penetrate the ground.
Dowan completely misses you. Dowan hits you but does no damage.
You barely miss Dowan. Dowan hits you but does no damage.
Dowan casts a spell at you. The shard of ice hits you!!
You die...

.#....# # .....)#.#K# #.#.#
..>...#.#.# # #.#.#
..........##.# .....
##....#..K.. #.#.#.######
#....###.####.#.#....#.#
#........##.#.#.#.##.#.#
#...........#.#........#######.
#.........#.#.#♣)..............
##.....##K.#.#.#e#....#.########
.............#...#.####.#
.####..###.#§....#.# #.# . #..#
#.....>.#.# #.# ....#
#######.#.. ..# ####.. #.### ###
#### #.# ..#


You could see Dowan (fast).

Vanquished Creatures
  Pikel (D:4)
  A water moccasin (D:5)
  Duvessa (D:5)
  An ogre (D:4)
  A phantom (D:6)
  A lemure (D:3)
  Blork the orc (D:4)
  A hound (D:3)
  A gnoll bouda (D:3)
  An iguana (D:6)
  Robin (D:4)
  4 gnolls
  8 adders
  An adder zombie (D:3)
  2 worms
  A dart slug (D:2)
  11 orcs
  5 ball pythons
  7 bats
  8 endoplasms
  4 giant cockroaches
  14 goblins
  10 hobgoblins
  10 jackals (D:1)
  7 quokkas
  4 frilled lizards
  7 kobolds
  A quokka zombie (D:3)
  8 rats
123 creatures vanquished.

Notes
Turn   | Place    | Note
-------+----------+-------------------------------------------
     0 | D:1      | jlumianski the Demonspawn Fighter began the quest for the
                  | Orb.
     0 | D:1      | Reached XP level 1. HP: 18/18 MP: 1/1
   134 | D:1      | Discovered your monstrous ancestry.
   134 | D:1      | Gained mutation: You have a small tail. [demonic ancestry]
   134 | D:1      | Reached XP level 2. HP: 22/24 MP: 2/2
   223 | D:1      | Gained mutation: You are partially covered in sharp spines.
                  | [demonic ancestry]
   223 | D:1      | Reached XP level 3. HP: 25/29 MP: 3/3
   619 | D:1      | Reached XP level 4. HP: 35/35 MP: 4/4
  1327 | D:3      | Noticed Robin
  1481 | D:4      | Killed Robin
  1571 | D:4      | Noticed Pikel
  1571 | D:4      | Noticed a lemure
  1571 | D:4      | Noticed a lemure
  1572 | D:4      | Noticed a lemure
  1572 | D:4      | Noticed a lemure
  1593 | D:3      | Killed a lemure
  1672 | D:3      | Reached XP level 5. HP: 42/42 MP: 5/5
  1797 | D:3      | Found a runed translucent gate.
  1797 | D:3      | Found a runed translucent gate.
  1797 | D:3      | Found a runed translucent gate.
  1797 | D:3      | Noticed baller8008's ghost (novice DjCj)
  1799 | D:3      | Found a basalt altar of Yredelemnul.
  2385 | D:5      | Entered Level 5 of the Dungeon
  2451 | D:4      | Killed Pikel
  2452 | D:4      | Reached skill level 5 in Fighting
  2452 | D:4      | Reached skill level 1 in Dodging
  2452 | D:4      | Gained mutation: You have sharp fingernails. [demonic
                  | ancestry]
  2452 | D:4      | Reached XP level 6. HP: 25/51 MP: 6/6
  2452 | D:4      | Gained mutation: Your demonic aura sometimes causes spilled
                  | blood to erupt in flames. [demonic ancestry]
  2452 | D:4      | Reached XP level 7. HP: 28/56 MP: 7/7
  2945 | D:4      | Noticed Blork the orc
  2955 | D:4      | Killed Blork the orc
  2956 | D:4      | Reached skill level 5 in Axes
  2993 | D:6      | Found a staircase to the Ecumenical Temple.
  3011 | Temple   | Entered the Ecumenical Temple
  3017 | Temple   | Became a worshipper of Qazlal Stormbringer
  3130 | D:5      | Reached skill level 1 in Invocations
  3130 | D:5      | Reached XP level 8. HP: 64/64 MP: 8/8
  3132 | D:5      | Noticed Duvessa
  3133 | D:5      | Noticed Dowan
  3310 | D:5      | Killed Duvessa
  3312 | D:5      | Killed from afar by Dowan

Illustrated notes

Levels and vault maps discovered:
D:1:      dpeg_arrival_simpleton_c, layout_rooms
D:2:      layout_rooms
D:3:      minmay_angry_zag, layout_basic, nicolae_yredelemnul_ghost_church,
          uniq_robin
D:4:      layout_loops_ring, kennysheep_small_square, uniq_blork_the_orc,
          uniq_natasha, uniq_pikel
D:5:      layout_basic, uniq_duvessa
D:6:      layout_cave_pods, temple_statues
Temple:   sentei_temple_godly_chess

Skill      XL: |  1  2  3  4  5  6  7 |
---------------+----------------------+-----
Armour         | 3 4 |  4.7
Axes           | 2 3 4 5 |  5.5
Shields        | 3 |  3.6
Fighting       | 5 |  5.8
Dodging        | 1 2 |  2.1
Invocations    | 1 |  1.4

Action                   |  1- 3 |  4- 6 |  7- 9 || total
-------------------------+-------+-------+-------++-------
Melee: War axe           |    75 |   134 |    67 ||   276
       Tailslap          |     3 |    19 |     6 ||    28
  Use: Scroll            |       |     8 |     1 ||     9
       Potion            |       |     2 |     1 ||     3
Armor: Scale mail        |    46 |    34 |    13 ||    93
       Skin              |       |       |     2 ||     2
Dodge: Dodged            |    66 |    83 |    35 ||   184
Block: Buckler           |    23 |    30 |    17 ||    70

Table legend: (Time is in decaauts)
 A = Elapsed time spent in this place.
 B = Non-inter-level travel time spent in this place.
 C = Inter-level travel time spent in this place.
 D = Time resting spent in this place.
 E = Time spent auto-exploring this place.
 F = Levels seen in this place.
 G = Mean time per level.
                   A        B        C        D        E       F      G
               +--------+--------+--------+--------+--------+-----+--------+
         Total |   3426 |   3426 |      0 |    202 |   1240 |   7 |  489.4 |
       Dungeon |   3412 |   3412 |      0 |    202 |   1240 |   6 |  568.7 |
        Temple |     14 |     14 |      0 |      0 |      0 |   1 |   14.0 |
               +--------+--------+--------+--------+--------+-----+--------+

Top non-repeatable levels by time:
     D:3: 1121 daAuts
     D:4: 897 daAuts
     D:1: 666 daAuts
     D:2: 534 daAuts
     D:6: 107 daAuts
     D:5: 84 daAuts
  Temple: 14 daAuts
